 Dungeon Sprint DCSS version 0.28.0-53-g5a82cb258f (webtiles) character file.

Game seed: 7046543267054582665

371 Zeld the Thaumaturge (level 6, -9/30 (32) HPs)
             Began as a Deep Elf Conjurer on June 9, 2022.
             Was an Elder of Sif Muna.
             Killed by divine providence
             ... invoked by an orc priest
              (17 damage)
             ... in the Dungeon (Sprint VII: "The Pits").
             The game lasted 00:01:15 (1390 turns).

Zeld the Thaumaturge (Deep Elf Conjurer)            Turns: 1390, Time: 00:01:16

HP:   -9/30 (32)    AC:  2    Str:  4    XL:     6   Next: 42%
MP:   8/22          EV: 12    Int: 25    God:    Sif Muna [****..]
Gold: 0             SH:  0    Dex: 13    Spells: 16/27 levels left

rFire   . . .      SeeInvis .   a - +2 quarterstaff
rCold   . . .      Faith    .   (shield currently unavailable)
rNeg    . . .      Spirit   .   j - +0 robe
rPois   .          Reflect  .   (no helmet)
rElec   .          Harm     .   (no cloak)
rCorr   .          Rampage  .   (no gloves)
Will    .....      NoTele   +   (no boots)
Stlth   ++........              (no amulet)
HPRegen 0.10/turn               (no ring)
MPRegen 0.18/turn               (no ring)

@: drained
A: no striking features
a: Renounce Religion, Channel Magic, Forget Spell, Divine Exegesis


You were in the Dungeon.
You worshipped Sif Muna.
Sif Muna was greatly pleased with you.
You visited 1 branch

Inventory:

Hand Weapons
 a - a +2 quarterstaff (weapon)
Armour
 j - a +0 robe (worn)
Scrolls
 h - 5 scrolls of amnesia
 i - a scroll of summoning
Potions
 b - 6 potions of curing
 c - 6 potions of heal wounds
 d - a potion of haste
 e - 4 potions of magic
 f - 2 potions of berserk rage
 g - 2 potions of invisibility


   Skills:
 - Level 2.4 Dodging
 - Level 2.4 Stealth
 * Level 11.4 Spellcasting
 * Level 10.5 Conjurations
 - Level 2.0 Hexes
 - Level 2.0 Translocations
 + Level 6.4 Invocations


You had 16 spell levels left.
You knew the following spells:

 Your Spells              Type           Power      Damage    Failure   Level
a - Magic Dart            Conj           100%       1d8       1%          1
b - Searing Ray           Conj           100%       2d8       1%          2
c - Fulminant Prism       Conj/Hex       22%        3d13      3%          4
d - Iskenderun's Mystic   Conj/Tloc      45%        2d10      3%          4

Your spell library contained the following spells:

 Spells                   Type           Power      Damage    Failure   Level
 Dazzling Flash           Conj/Hex       90%        N/A       1%          3


Dungeon Overview and Level Annotations

Branches:
Dungeon (1/1)

Altars:
Ashenzari
Cheibriados
Dithmenos
Elyvilon
Fedhas
Gozag
Hepliaklqana
Kikubaaqudgha
Makhleb
Nemelex Xobeh
Okawaru
Qazlal
Ru
Sif Muna
Trog
Uskayaw
Vehumet
Wu Jian
Xom
Yredelemnul
Zin
The Shining One
Beogh
Jiyva
Lugonu


Message History

Unknown command.
Casting: Magic Dart (safe; 1% risk of failure)
Confirm with . or Enter, or press ? or * to list all spells.
Aiming: Magic Dart (safe; 1% risk of failure)
Press: ? - help, Shift-Dir - straight line, p - jackal
Okay, then.
The jackal bites you but does no damage.
The wight hits you from afar with a +0 spear.
The jackal barely misses you.
There is an open door, spattered with blood here.
Things that are here:
a +0 flail; an orc corpse
Things that are here:
a +0 dagger; a +0 robe; an orc corpse The jackal misses you.
The orc priest miscasts a cantrip.
Items here: ))) [[[.
Casting: Magic Dart (safe; 1% risk of failure)
Confirm with . or Enter, or press ? or * to list all spells.
Aiming: Searing Ray (safe; 1% risk of failure)
Press: ? - help, Shift-Dir - straight line, f/p - jackal
Aim: a jackal (lightly wounded, 79% to hit)
The searing ray hits the jackal!
You kill the jackal!
Sif Muna accepts your kill. (Press . to maintain the ray.)
The wight hits you from afar with a +0 spear!
You feel drained.
The searing ray hits the wight.
The wight is moderately damaged.
The searing ray misses the orc priest.
The searing ray hits the jackal!
You kill the jackal!
Sif Muna accepts your kill.
The wight hits you from afar with a +0 spear!
You feel drained.
* * * LOW HITPOINT WARNING * * *
The orc priest invokes the aid of Beogh against you.
Beogh smites you!
Ouch! That really hurt!
You die...

#.?(.')))'.##.....
##########.##.....
#...........'.....
#'#####'#####.....
#.#..#...'.##.....
#.#..#...#.#####'#
#.#..#####÷##.....
#.#..'...#.##.....
#@#..'...).##.....
#†#..########...<.
#z#..'.)))[##.....
#o#..#.)))[##.....
#5###########.....
#.......# ######
#.......#
#...#...# #..##
..#


You could see a wight, an orc priest and a white imp.

Vanquished Creatures
  A black bear (D)
  2 scorpions (D)
  3 wights (D)
  An orc wizard (D)
  A mummy (D)
  An orc (D)
  An endoplasm (D)
  A goblin (D)
  2 jackals (D)
  A quokka (D)
  A ball python (D)
  A bat (D)
  2 rats (D)
18 creatures vanquished.

Notes
Turn   | Place    | Note
-------+----------+-------------------------------------------
     0 | D        | Zeld the Deep Elf Conjurer began the quest for the Orb.
     0 | D        | Reached XP level 1. HP: 10/10 MP: 6/6
    16 | D        | Noticed a scorpion
   140 | D        | Found a bloodstained altar of Trog.
   140 | D        | Found a shimmering blue altar of Sif Muna.
   140 | D        | Found a viscous altar of Jiyva.
   140 | D        | Found a hazy altar of Hepliaklqana.
   140 | D        | Found an opulent altar of Gozag.
   169 | D        | Found a glowing golden altar of the Shining One.
   169 | D        | Found a glowing silver altar of Zin.
   169 | D        | Found a basalt altar of Yredelemnul.
   169 | D        | Found a shimmering altar of Xom.
   169 | D        | Found an ornate altar of the Wu Jian Council.
   169 | D        | Found a sacrificial altar of Ru.
   169 | D        | Found a stormy altar of Qazlal.
   169 | D        | Found an iron altar of Okawaru.
   169 | D        | Found a sparkling altar of Nemelex Xobeh.
   169 | D        | Found a burning altar of Makhleb.
   169 | D        | Found a blossoming altar of Fedhas.
   169 | D        | Found a white marble altar of Elyvilon.
   169 | D        | Found a shadowy altar of Dithmenos.
   169 | D        | Found a snail-covered altar of Cheibriados.
   186 | D        | Found a corrupted altar of Lugonu.
   186 | D        | Found a radiant altar of Vehumet.
   187 | D        | Found a broken altar of Ashenzari.
   187 | D        | Found an ancient bone altar of Kikubaaqudgha.
   187 | D        | Found a hide-covered altar of Uskayaw.
   191 | D        | Became a worshipper of Sif Muna the Loreminder
   296 | D        | Noticed a scorpion
   489 | D        | Killed a scorpion
   490 | D        | Reached skill level 6 in Spellcasting
   490 | D        | Reached XP level 2. HP: 14/15 MP: 7/11
   490 | D        | Reached XP level 3. HP: 18/19 MP: 8/13
   685 | D        | Learned a level 2 spell: Searing Ray
   734 | D        | Reached * piety under Sif Muna
   964 | D        | Noticed a black bear
   976 | D        | Killed a black bear
   977 | D        | Reached skill level 9 in Spellcasting
   977 | D        | Reached XP level 4. HP: 23/24 MP: 10/17
   977 | D        | Reached XP level 5. HP: 27/28 MP: 10/18
   982 | D        | Learned a level 4 spell: Fulminant Prism
   987 | D        | Learned a level 4 spell: Iskenderun's Mystic Blast
  1031 | D        | Reached ** piety under Sif Muna
  1315 | D        | Reached skill level 1 in Translocations
  1315 | D        | Reached skill level 5 in Invocations
  1372 | D        | Reached skill level 10 in Spellcasting
  1373 | D        | Reached *** piety under Sif Muna
  1374 | D        | Reached XP level 6. HP: 30/32 MP: 14/21
  1375 | D        | Reached skill level 11 in Spellcasting
  1375 | D        | Reached skill level 10 in Conjurations
  1376 | D        | Reached **** piety under Sif Muna
  1390 | D        | Killed from afar by an orc priest

Illustrated notes

Levels and vault maps discovered:
D:        pitsprint [storerooms_1, entrance_room_1, metal_vault_1, armoury_1,
          mini_pit_1, grid_room_1, main_hall_1, silver_pit, the_coven_1,
          the_vestibule_1, steel_vault_2, golden_pit, hallway_of_sentries,
          crystal_vault_6, iron_vault_5, final_vault]

Skill      XL: |  1  2  3  4  5  6 |
---------------+-------------------+-----
Spellcasting   | 6 9 10 11 | 11.4
Conjurations   | 6 8 9 10 | 10.5
Invocations    | 3 4 5 6 |  6.4
Hexes          | 2 |  2.0
Translocations | 2 |  2.0
Dodging        | |  2.4
Stealth        | |  2.4

Action                   |  1- 3 |  4- 6 || total
-------------------------+-------+-------++-------
Melee: Quarterstaff      |     5 |       ||     5
       Unarmed           |     1 |       ||     1
 Cast: Magic Dart        |     1 |     1 ||     2
       Searing Ray       |     3 |     6 ||     9
  Use: Scroll            |     1 |       ||     1
       Potion            |     1 |       ||     1
Armor: Robe              |     4 |     1 ||     5
Dodge: Dodged            |     6 |     3 ||     9
